Description

Heromarine TvT 2026 guide.

VOD

https://www.youtube.com/watch?v=g5QN4z0qCjE

Replay - TvT Standard 2 Raven Viking Tank Marine Tank Build

Build Order

Get SALT Encoding   

  12  0:00  SCV  
  13  0:12  SCV  
  14  0:16  Supply Depot  
  14  0:24  SCV  
  15  0:38  SCV  
  15  0:39  Barracks  
  16  0:43  Refinery  
  16  0:50  SCV  
  16  0:52  Refinery  
  17  1:02  SCV  
  18  1:14  SCV  
  19  1:26  Orbital Command, Reaper  
  19  1:31  Supply Depot  
  20  1:42  Factory  
  20  1:52  SCV  
  21  1:58  Barracks Reactor  
  21  2:04  SCV  
  22  2:16  Command Center  
  22  2:19  SCV  
  23  2:26  Hellion  
  25  2:34  Reaper x2  
  28  2:38  Supply Depot  
  29  2:47  Hellion  
  31  2:59  Starport  
  32  3:07  Marine x2  
  32  3:09  Factory Tech Lab  
  36  3:27  Cyclone  
  36  3:29  Refinery  
  36  3:31  Orbital Command  
  39  3:36  Starport Tech Lab  
  39  3:38  Marine x2  
  43  3:54  Raven  
  45  4:02  Siege Tank  
  53  4:16  Interference Matrix  
  53  4:17  Supply Depot  
  53  4:30  Command Center  
  54  4:34  Supply Depot  
  54  4:39  Raven, Marine x2  
  61  4:56  Siege Tank  
  61  4:59  Marine x2  
  69  5:08  Refinery  
  71  5:27  Stimpack  
  71  5:28  Viking x2  
  77  5:36  Barracks x2  
  77  5:42  Siege Tank  
  82  5:43  Engineering Bay x2  
  82  5:45  Orbital Command  
  79  5:54  Marine  
  80  6:00  Viking x2  
  84  6:06  Orbital Command  
  86  6:11  Marine  
  86  6:15  Terran Infantry Armor Level 1, Terran Infantry Weapons Level 1  
  89  6:19  Siege Tank  
  95  6:37  Barracks x2, Viking x2  
  97  6:42  Barracks Reactor x2  
  101  6:53  Siege Tank  
  105  6:54  Missile Turret  
  105  6:59  Missile Turret  
  107  7:07  Sensor Tower  
  114  7:17  Medivac x2  
  120  7:26  Barracks Reactor x2  
  117  7:49  Siege Tank  
  117  7:51  Medivac  
  121  7:55  Refinery x2  
  121  7:56  Combat Shield  
  127  8:09  Armory  
  128  8:16  Sensor Tower  
  137  8:27  Siege Tank  
  141  8:36  Factory  
  141  8:37  Viking x2  
  157  9:10  Siege Tank, Command Center  
  165  9:25  Medivac x2  
  165  9:30  Barracks Reactor  
Spawning Tool Build Advisor. Get it on Overwolf

Go to:

Details

  • Created by: amentini
  • Published on: Jun 05, 2026
  • Modified on: Jun 05, 2026
  • Patch: 5.0.11
  • Difficulty: Hard
Show
View Real Time Build Order
Export as new Build Order

Comments (0)

There are no comments. Be the first!

Create an account to comment!